 Dungeon Crawl Stone Soup version 0.20.1 (webtiles) character file.

60190 vishdafish the Brawler (level 14, -3/126 HPs)
             Began as a Troll Monk on July 2, 2017.
             Was the Champion of Hepliaklqana.
             Slain by Rupert
             ... wielding a +1 great mace of protection
              (29 damage)
             ... on level 13 of the Dungeon.
             The game lasted 00:59:46 (16797 turns).

vishdafish the Brawler (Troll Monk)                Turns: 16797, Time: 00:59:47

Health: -3/126     AC: 13    Str: 24    XL:     14   Next: 56%
Magic:  0/21       EV: 12    Int:  8    God:    Hepliaklqana [******]
Gold:   1351       SH: 12    Dex:  9    Spells: 13/13 levels left

rFire    x . .     SeeInvis .     - Unarmed
rCold    + + .     Gourm    +   z - +2 shield
rNeg     + + +     Faith    .   P - +0 troll leather armour
rPois    +         Spirit   +   J - +0 hat
rElec    .         Reflect  .   H - +1 cloak {MR+}
rCorr    .         Harm     .   (gloves unavailable)
MR       ++++.     Rnd*Tele +   (boots unavailable)
Stlth    +.........             L - amulet of guardian spirit
Regen    1.2/turn               e - +4 ring of protection
MPRegen  0.2/turn               Q - ring of Interdependent Arising {Ice rPois rN+++ MR+ Dex-5}

@: about to teleport
A: unfitting armour, reduced essence, claws 3, clever 1, cold resistance 1, fast
metabolism 3, gourmand, magic resistance 1, regeneration 1, shaggy fur 1,
teleportitis 1, tough skin 2
a: Recall Ancestor, Ancestor Identity, Transference, Idealise, Renounce Religion


You were on level 13 of the Dungeon.
You worshipped Hepliaklqana.
Hepliaklqana was exalted by your worship.
You were not hungry.

You visited 3 branches of the dungeon, and saw 19 of its levels.
You also visited: Ice Cave.

You collected 1445 gold pieces.
You spent 94 gold pieces at shops.

Inventory:

Hand Weapons
 t - a +4 demon trident
Missiles
 O - 4 large rocks (quivered)
Armour
 z - a +2 shield (worn)
 H - a +1 cloak of magic resistance (worn)
 J - a +0 hat (worn)
 P - a +0 troll leather armour (worn)
Jewellery
 e - a +4 ring of protection (left claw)
 L - an amulet of guardian spirit (around neck)
 Q - the ring of Interdependent Arising (right claw) {Ice rPois rN+++ MR+ Dex-5}
   (You found it on level 3 of the Lair of Beasts)

   [ring of ice]

   It enhances your ice magic.
   It affects your dexterity (-5).
   It makes you vulnerable to fire.
   It protects you from cold.
   It protects you from poison.
   It renders you almost immune to negative energy.
   It affects your resistance to hostile enchantments.
Wands
 C - a wand of lightning (3/15)
 E - a wand of random effects (27/48)
 M - a wand of lightning (4/15)
Scrolls
 k - a scroll of blinking
 m - 3 scrolls of recharging
 n - 4 scrolls of enchant weapon
 p - 3 scrolls of immolation
 q - 7 scrolls of remove curse
 r - a scroll of random uselessness {unknown}
 s - 3 scrolls of amnesia
 u - 5 scrolls of teleportation
 y - 4 scrolls of fog
 A - 3 scrolls of summoning {unknown}
 F - 2 scrolls of magic mapping {unknown}
 K - 2 scrolls of noise {unknown}
 S - 2 scrolls of brand weapon {unknown}
 T - 3 scrolls of enchant armour {unknown}
 U - 3 scrolls of silence {unknown}
 V - a scroll of acquirement {unknown}
Potions
 a - 2 potions of berserk rage {unknown}
 c - 5 potions of curing
 f - 4 potions of ambrosia
 g - 2 potions of cancellation {unknown}
 h - 3 potions of brilliance {unknown}
 j - a potion of agility
 v - a potion of resistance {unknown}
 w - 3 potions of flight {unknown}
 I - 5 potions of lignification {unknown}
 R - a potion of haste
 Z - 2 potions of mutation
Books
 d - a book of Conjurations

   Spells                             Type                      Level
   a - Magic Dart                     Conjuration                  1
   b - Searing Ray                    Conjuration                  2
   c - Dazzling Spray                 Conjuration/Hexes            3
   d - Fulminant Prism                Conjuration/Hexes            4
   e - Force Lance                    Conjuration/Translocation    4
   f - Iskenderun's Mystic Blast      Conjuration                  4
 l - a Fen Folio

   Spells                             Type                      Level
   a - Corpse Rot                     Necromancy                   2
   b - Stone Arrow                    Conjuration/Earth            3
   c - Leda's Liquefaction            Hexes/Earth                  4
   d - Summon Forest                  Summoning/Translocation      5
   e - Hydra Form                     Transmutation                6
   f - Summon Hydra                   Summoning                    7
 o - a book of Minor Magic

   Spells                             Type                      Level
   a - Magic Dart                     Conjuration                  1
   b - Blink                          Translocation                2
   c - Call Imp                       Summoning                    2
   d - Slow                           Hexes                        2
   e - Conjure Flame                  Conjuration/Fire             3
   f - Mephitic Cloud                 Conjuration/Poison/Air       3
 B - a book of Callings

   Spells                             Type                      Level
   a - Summon Small Mammal            Summoning                    1
   b - Call Imp                       Summoning                    2
   c - Call Canine Familiar           Summoning                    3
   d - Summon Guardian Golem          Hexes/Summoning              3
   e - Summon Lightning Spire         Summoning/Air                4
   f - Summon Ice Beast               Ice/Summoning                4
 D - a book of Clouds

   Spells                             Type                      Level
   a - Poisonous Vapours              Poison/Air                   2
   b - Mephitic Cloud                 Conjuration/Poison/Air       3
   c - Conjure Flame                  Conjuration/Fire             3
   d - Freezing Cloud                 Conjuration/Ice/Air          6
   e - Ring of Flames                 Charms/Fire                  7
 G - a book of Geomancy

   Spells                             Type                      Level
   a - Sandblast                      Earth                        1
   b - Passwall                       Transmutation/Earth          2
   c - Stone Arrow                    Conjuration/Earth            3
   d - Petrify                        Transmutation/Earth          4
   e - Lee's Rapid Deconstruction     Earth                        5
 N - a book of Debilitation

   Spells                             Type                      Level
   a - Corona                         Hexes                        1
   b - Slow                           Hexes                        2
   c - Inner Flame                    Hexes/Fire                   3
   d - Portal Projectile              Hexes/Translocation          3
   e - Cause Fear                     Hexes                        4
   f - Leda's Liquefaction            Hexes/Earth                  4
 W - a book of Enchantments

   Spells                             Type                      Level
   a - Cause Fear                     Hexes                        4
   b - Yara's Violent Unravelling     Hexes/Transmutation          5
   c - Silence                        Hexes/Air                    5
   d - Deflect Missiles               Charms/Air                   6
   e - Discord                        Hexes                        8
Miscellaneous
 Y - a box of beasts
Comestibles
 b - 11 bread rations
 x - 7 royal jellies
 X - 7 fruits


   Skills:
 + Level 9.5 Fighting
 * Level 1.3 Throwing
 + Level 9.6 Dodging
 - Level 1.1 Stealth
 * Level 6.0 Shields
 - Level 15.1 Unarmed Combat
 - Level 11.3 Invocations


You had 13 spell levels left.
You didn't know any spells.

Dungeon Overview and Level Annotations

Branches:
Dungeon (13/15)            Temple (0/1) D:5            Lair (4/6) D:9
 Shoals (0/4) Lair:3       Spider (0/4) Lair:4          Orc (2/2) D:12
    Elf (0/3) Orc:2
 Vaults: D:13-14

Altars:
Ashenzari
Dithmenos
Elyvilon
Gozag
Hepliaklqana
Kikubaaqudgha
Nemelex Xobeh
Okawaru
Ru
Uskayaw
Xom
Yredelemnul
Zin
The Shining One
Beogh

Shops:
D:5 !   D:12 }   Orc:2 =[(*

Annotations:
D:7 exclusion: oklob plant
D:13 Rupert
Lair:4 exclusion: oklob plant


Innate Abilities, Weirdness & Mutations

You are too large for most types of armour.
You have claws for hands.
Your metabolism is lightning-fast.
You like to eat raw meat.
Your natural rate of healing is unusually fast.
You are covered in fur. (AC +1)
You have very tough skin. (AC +2)
Your life essence is reduced to manifest your ancestor. (-10% HP)
Your mind is acute. (Int +2)
Your flesh is cold resistant. (rC+)
You are resistant to hostile enchantments. (MR+)
You are occasionally teleported next to monsters.


Message History

* * * LOW HITPOINT WARNING * * *
The centaur warrior shoots an arrow.
The arrow hits you!!
* * * LOW HITPOINT WARNING * * *
An iguana comes into view.
You see here an arrow.
The phantom hits Quintus but does no damage.
The centaur warrior shoots an arrow.
You block the arrow.
Rupert hits you with a great mace of protection.
* * * LOW HITPOINT WARNING * * *
You see here an arrow.
Quintus hits the phantom with a flail.
Quintus blocks the phantom's attack.
Something hits Quintus but does no damage.
You block Rupert's attack.
Okay, then.
As you read the scroll of teleportation, it crumbles to dust.
You feel strangely unstable. You block Rupert's attack.
Rupert rages.
There is a stone staircase leading up here.
Rupert hits you with a great mace of protection!!
You die...

.......(.......?..
#....(..........
....##..(.........
. ##..(c.....#
####.####.. ##H#
#..# #@## #@#
#....# #.#### ...
#.. .... ..#.
#....


You could see Rupert (berserk), a centaur warrior and a hippogriff.

Vanquished Creatures
  Gastronok (D:8)
  An orc warlord (Orc:2)
  The ghost of Ferkelamun the Severer, a journeyman DDBe of Trog (IceCv)
  The ghost of PeterMcNeter the Spear-Bearer, a journeyman MfFi of Okawaru (IceCv)
  Josephine (Lair:4)
  3 hydras
  10 two-headed ogres
  An orc high priest (Orc:2)
  A dancing weapon (Orc:2)
  Urug (Orc:2)
  The ghost of vishdafish the Grappler, a novice TrMo (D:5)
  5 orc sorcerers (Orc:2)
  A necromancer (IceCv)
  3 orc knights
  A manticore (D:12)
  2 ugly things
  Maurice (D:8)
  2 black mambas
  11 spiny frogs
  A merfolk siren (Lair:3)
  A gargoyle (D:10)
  3 ice statues (IceCv)
  A rime drake (Lair:2)
  3 komodo dragons
  9 ice devils (IceCv)
  3 trolls
  7 polar bears
  6 blink frogs
  5 slime creatures (D:12)
  6 hippogriffs
  4 wraiths
  A vampire (D:9)
  23 yaks
  3 basilisks
  A steam dragon (D:11)
  A wyvern (Lair:4)
  Grum (Lair:1)
  A hungry ghost (D:11)
  7 water moccasins
  6 porcupines
  An ice beast (D:5)
  3 phantoms
  25 orc warriors
  A sky beast (D:12)
  10 black bears
  6 ogres
  13 wolves
  6 centaurs
  4 crocodiles
  13 bullfrogs
  A gnoll sergeant (Orc:2)
  2 wyvern zombies
  A wyvern skeleton (D:12)
  5 scorpions
  9 killer bees
  5 electric eels
  A howler monkey (D:5)
  4 crimson imps
  A bullfrog zombie (D:11)
  A draconian simulacrum (IceCv)
  12 hounds
  13 orc priests
  Crazy Yiuf (D:7)
  3 centaur skeletons
  3 worker ants
  4 iguanas
  23 orc wizards
  A troll simulacrum (IceCv)
  A spriggan simulacrum (IceCv)
  A killer bee zombie (D:9)
  A centaur simulacrum (IceCv)
  3 hound skeletons
  A worker ant zombie (D:8)
  A howler monkey zombie (D:5)
  7 gnolls (Orc:2)
  A howler monkey skeleton (D:5)
  An ogre simulacrum (IceCv)
  11 adders
  A naga simulacrum (IceCv)
  A shadow imp (D:5)
  3 oozes
  2 adder skeletons
  2 worms
  4 leopard geckos
  55 orcs
  5 giant cockroaches
  11 hobgoblins
  17 jackals
  9 quokkas
  4 ball pythons
  5 bats
  4 frilled lizards
  7 goblins
  A jackal zombie (D:7)
  12 kobolds
  11 rats
495 creatures vanquished.

Vanquished Creatures (collateral kills)
  A hydra (Lair:4)
  2 two-headed ogres
  An orc sorcerer (Orc:2)
  An orb spider (Lair:4)
  2 ugly things
  A slime creature (D:12)
  2 ice devils (IceCv)
  A troll (Orc:1)
  A hornet (D:9)
  A blink frog (Lair:3)
  3 hippogriffs
  The ghost of robba the Magician, an amateur DEWz (D:4)
  3 yaks
  A wraith (Lair:4)
  A warg (Orc:2)
  2 orc warriors (Orc:2)
  A sky beast (D:9)
  2 porcupines
  2 black bears (Lair:2)
  An ogre (D:11)
  2 centaurs (D:12)
  2 bullfrogs
  A killer bee (D:10)
  An electric eel (D:9)
  A draconian simulacrum (IceCv)
  3 orc priests
  2 hounds
  A centaur skeleton (D:8)
  4 orc wizards
  A worker ant (D:12)
  2 troll simulacra (IceCv)
  A centaur simulacrum (IceCv)
  A howler monkey skeleton (D:7)
  A shadow imp (D:11)
  An adder skeleton (D:4)
  17 orcs
  A jackal (D:3)
  A plant (Lair:3)
73 creatures vanquished.

Vanquished Creatures (others)
  Joseph (Lair:1)
  9 knights
  3 fungi
  4 plants
17 creatures vanquished.

Grand Total: 585 creatures vanquished

Notes
Turn   | Place    | Note
-------+----------+-------------------------------------------
     0 | D:1      | vishdafish the Troll Monk began the quest for the Orb.
     0 | D:1      | Reached XP level 1. HP: 22/22 MP: 0/0
    75 | D:1      | Reached XP level 2. HP: 27/29 MP: 1/1
   297 | D:1      | Reached XP level 3. HP: 36/36 MP: 2/2
  1056 | D:2      | Reached skill level 4 in Unarmed Combat
  1126 | D:2      | Reached XP level 4. HP: 33/44 MP: 3/3
  1516 | D:3      | Reached XP level 5. HP: 52/53 MP: 4/4
  1551 | D:3      | Found a hazy altar of Hepliaklqana.
  1559 | D:3      | Became a worshipper of Hepliaklqana the Forgotten
  1559 | D:3      | Reached * piety under Hepliaklqana
  1559 | D:3      | Reached ** piety under Hepliaklqana
  1560 | D:3      | Remembered your ancestor Quintus as a knight
  2180 | D:4      | Noticed an ogre
  2187 | D:4      | Killed an ogre
  2187 | D:4      | Reached skill level 5 in Unarmed Combat
  2187 | D:4      | Reached XP level 6. HP: 43/54 MP: 5/5
  2232 | D:4      | Found an iron altar of Okawaru.
  2271 | D:4      | Found a sacrificial altar of Ru.
  2333 | D:4      | Noticed robba's ghost (amateur DEWz)
  2344 | D:4      | Killed robba's ghost
  2459 | D:4      | Noticed an orc warrior
  2475 | D:3      | Killed an orc warrior
  2475 | D:3      | Reached skill level 6 in Unarmed Combat
  2475 | D:3      | Reached XP level 7. HP: 54/63 MP: 6/6
  2587 | D:4      | Found a glowing silver altar of Zin.
  2754 | D:5      | Entered Level 5 of the Dungeon
  2861 | D:5      | Reached *** piety under Hepliaklqana
  2870 | D:5      | Found Sodalo's Distillery.
  2877 | D:5      | Bought a potion of heal wounds for 55 gold pieces
  2894 | D:5      | Reached skill level 1 in Invocations
  2918 | D:5      | Noticed vishdafish's ghost (novice TrMo)
  2929 | D:5      | Killed vishdafish's ghost
  2929 | D:5      | Reached skill level 7 in Unarmed Combat
  2929 | D:5      | Reached XP level 8. HP: 54/71 MP: 6/9
  3503 | D:5      | You fall through a shaft!
  3503 | D:6      | Found a hide-covered altar of Uskayaw.
  3503 | D:6      | Noticed a hand axe
  3503 | D:6      | Noticed a hand axe
  3626 | D:6      | Found an opulent altar of Gozag.
  3731 | D:6      | Found a sparkling altar of Nemelex Xobeh.
  3795 | D:5      | Found a staircase to the Ecumenical Temple.
  3824 | D:6      | Reached skill level 8 in Unarmed Combat
  4103 | D:7      | Found a shattered altar of Ashenzari.
  4119 | D:7      | Reached skill level 5 in Dodging
  4127 | D:7      | Found an ancient bone altar of Kikubaaqudgha.
  4165 | D:7      | Reached XP level 9. HP: 78/78 MP: 11/11
  4202 | D:7      | Found a shimmering altar of Xom.
  4202 | D:7      | Noticed an oklob plant
  4314 | D:7      | Found a runed door.
  4318 | D:7      | Noticed Crazy Yiuf
  4327 | D:7      | Killed Crazy Yiuf
  4327 | D:7      | Reached skill level 5 in Fighting
  4542 | D:8      | Found a white marble altar of Elyvilon.
  4573 | D:8      | Reached **** piety under Hepliaklqana
  4605 | D:8      | Noticed Gastronok
  4619 | D:8      | Killed Gastronok
  4619 | D:8      | Reached skill level 9 in Unarmed Combat
  4710 | D:8      | Noticed a two-headed ogre
  4713 | D:8      | Noticed Maurice
  4718 | D:8      | Killed a two-headed ogre
  4718 | D:8      | Reached XP level 10. HP: 54/88 MP: 13/13
  4736 | D:8      | Killed Maurice
  5175 | D:8      | Reached skill level 10 in Unarmed Combat
  5455 | D:8      | Found a basalt altar of Yredelemnul.
  5698 | D:8      | Noticed a two-headed ogre
  5706 | D:8      | Killed a two-headed ogre
  5811 | D:9      | Found a shadowy altar of Dithmenos.
  5961 | D:9      | Found a staircase to the Lair.
  6507 | D:9      | Gained mutation: Your magical capacity is low. (-10% MP) [potion of mutation]
  6507 | D:9      | Gained mutation: Your skin changes colour to match your surroundings (Stealth+). [potion of mutation]
  6508 | D:9      | Lost mutation: Your skin changes colour to match your surroundings (Stealth+). [potion of mutation]
  6508 | D:9      | Lost mutation: Your magical capacity is low. (-10% MP) [potion of mutation]
  6508 | D:9      | Gained mutation: You tend to lose your temper in combat. [potion of mutation]
  6508 | D:9      | Gained mutation: Your spells are a little easier to cast, but a little less powerful. [potion of mutation]
  6508 | D:9      | Gained mutation: You have a somewhat thin skeletal structure. (Dex +2, Stealth) [potion of mutation]
  6508 | D:9      | Gained mutation: Your muscles are strong. (Str +2) [potion of mutation]
  6509 | D:9      | Lost mutation: You tend to lose your temper in combat. [potion of mutation]
  6509 | D:9      | Lost mutation: Your muscles are strong. (Str +2) [potion of mutation]
  6509 | D:9      | Lost mutation: You have a somewhat thin skeletal structure. (Dex +2, Stealth) [potion of mutation]
  6509 | D:9      | Lost mutation: Your spells are a little easier to cast, but a little less powerful. [potion of mutation]
  6509 | D:9      | Gained mutation: You are frail. (-10% HP) [potion of mutation]
  6509 | D:9      | Gained mutation: Your mind is acute. (Int +2) [potion of mutation]
  6509 | D:9      | Gained mutation: You are resistant to hostile enchantments. (MR+) [potion of mutation]
  6509 | D:9      | Gained mutation: Your flesh is cold resistant. (rC+) [potion of mutation]
  6510 | D:9      | Lost mutation: You are resistant to hostile enchantments. (MR+) [potion of mutation]
  6510 | D:9      | Lost mutation: You are frail. (-10% HP) [potion of mutation]
  6510 | D:9      | Lost mutation: Your flesh is cold resistant. (rC+) [potion of mutation]
  6510 | D:9      | Lost mutation: Your mind is acute. (Int +2) [potion of mutation]
  6510 | D:9      | Gained mutation: Your flesh is cold resistant. (rC+) [potion of mutation]
  6510 | D:9      | Gained mutation: You are resistant to hostile enchantments. (MR+) [potion of mutation]
  6550 | D:10     | Entered Level 10 of the Dungeon
  6567 | D:10     | Reached ***** piety under Hepliaklqana
  6593 | D:10     | Noticed a two-headed ogre
  6600 | D:10     | Killed a two-headed ogre
  6760 | D:10     | Noticed a gargoyle
  6765 | D:10     | Killed a gargoyle
  6765 | D:10     | Reached XP level 11. HP: 76/96 MP: 12/16
  7080 | D:10     | Reached skill level 11 in Unarmed Combat
  7317 | D:11     | Noticed a two-headed ogre
  7333 | D:11     | Killed a two-headed ogre
  7447 | D:11     | Noticed a red ugly thing
  7455 | D:11     | Killed a red ugly thing
  7597 | D:11     | Noticed a brown ugly thing
  7603 | D:11     | Killed a brown ugly thing
  7614 | D:11     | Gained mutation: You are occasionally teleported next to monsters. [mutagenic meat]
  7615 | D:11     | Gained mutation: Your mind is acute. (Int +2) [mutagenic meat]
  8124 | D:12     | Noticed a two-headed ogre
  8133 | D:12     | Killed a two-headed ogre
  8387 | D:12     | Noticed a two-headed ogre
  8422 | D:11     | Noticed a two-headed ogre
  8429 | D:11     | Killed a two-headed ogre
  8502 | D:12     | Killed a two-headed ogre
  8592 | D:12     | Reached skill level 12 in Unarmed Combat
  8612 | D:12     | Noticed a seven-headed hydra
  8683 | D:12     | Noticed a green ugly thing
  8825 | D:12     | Found a staircase to the Orcish Mines.
  8841 | D:12     | Reached XP level 12. HP: 62/106 MP: 9/18
  8887 | D:12     | Found Vaoritti's Gadget Boutique.
  8948 | D:12     | Killed an eight-headed hydra
  9435 | D:9      | Paralysed by a hornet for 3 turns
  9519 | Lair:1   | Entered Level 1 of the Lair of Beasts
  9535 | Lair:1   | Reached skill level 10 in Invocations
  9544 | Lair:1   | Noticed Grum
  9563 | Lair:1   | Killed Grum
  9667 | Lair:1   | Noticed a four-headed hydra
  9677 | Lair:1   | Killed a four-headed hydra
  9683 | Lair:1   | Noticed Joseph
  9697 | Lair:1   | Killed Joseph
  9937 | Lair:1   | Found a frozen archway.
  9961 | IceCv    | Entered an ice cave
 10046 | IceCv    | Reached skill level 13 in Unarmed Combat
 10063 | IceCv    | Got a polished battleaxe {elec}
 10064 | IceCv    | Identified the +4 battleaxe of the People {elec, Int+2} (You took it off a necromancer in an ice cave)
 10068 | IceCv    | Noticed PeterMcNeter's ghost (journeyman MfFi)
 10116 | IceCv    | Killed PeterMcNeter's ghost
 10244 | IceCv    | Noticed Ferkelamun's ghost (journeyman DDBe)
 10282 | IceCv    | Killed Ferkelamun's ghost
 10426 | IceCv    | Reached XP level 13. HP: 91/114 MP: 15/20
 10856 | Lair:1   | Found a glowing golden altar of the Shining One.
 11767 | Lair:2   | Reached skill level 1 in Shields
 12286 | Lair:3   | Reached skill level 14 in Unarmed Combat
 12475 | Lair:3   | Got a brightly glowing jade ring
 12477 | Lair:3   | Identified the ring of Interdependent Arising {Ice rPois rN+++ MR+ Dex-5} (You found it on level 3 of the Lair of Beasts)
 12588 | Lair:3   | Found a staircase to the Shoals.
 12963 | Lair:3   | Reached ****** piety under Hepliaklqana
 13320 | Lair:4   | Noticed Josephine
 13330 | Lair:4   | Killed Josephine
 14227 | Lair:4   | Found a hole to the Spider Nest.
 14244 | Lair:4   | Reached XP level 14. HP: 116/126 MP: 18/21
 14590 | Orc:1    | Entered Level 1 of the Orcish Mines
 14733 | Orc:1    | Found a roughly hewn altar of Beogh.
 14922 | Orc:2    | Entered Level 2 of the Orcish Mines
 15297 | Orc:1    | Reached skill level 5 in Shields
 15706 | Orc:2    | Reached skill level 15 in Unarmed Combat
 15781 | Orc:2    | Noticed Urug
 15821 | Orc:2    | Killed Urug
 15885 | Orc:2    | Noticed an orc warlord
 15950 | Orc:2    | Killed an orc warlord
 16083 | Orc:2    | Found a roughly hewn altar of Beogh.
 16106 | Orc:2    | Found Poukeidgh's Antique Weapon Shop.
 16111 | Orc:2    | Reached skill level 1 in Throwing
 16152 | Orc:2    | Found Exeogew's Jewellery Shop.
 16189 | Orc:2    | Found Cemnianiat's Antique Armour Shop.
 16228 | Orc:2    | Found a staircase to the Elven Halls.
 16272 | Orc:2    | Found Raoruch's General Store.
 16401 | Orc:2    | Bought a scroll of teleportation for 39 gold pieces
 16771 | D:13     | Noticed Rupert
 16797 | D:13     | Slain by Rupert

Skill      XL: |  1  2  3  4  5  6  7  8  9 10 11 12 13 14 |
---------------+-------------------------------------------+-----
Unarmed Combat | 4 5 6 7 8 9 10 12 13 14 15 | 15.1
Fighting       | 3 4 5 6 7 8 9 |  9.5
Dodging        | 3 4 5 6 7 8 9 |  9.6
Invocations    | 2 4 6 8 9 10 11 | 11.3
Shields        | 4 6 |  6.0
Throwing       | 1 |  1.3
Stealth        | |  1.1

Action                   |  1- 3 |  4- 6 |  7- 9 | 10-12 | 13-15 || total
-------------------------+-------+-------+-------+-------+-------++-------
Melee: Unarmed           |   121 |   102 |   216 |   563 |   785 ||  1787
       Punch             |     2 |     2 |     4 |    42 |    10 ||    60
       Dire flail        |       |       |       |    14 |    15 ||    29
Throw: Large rock        |       |       |       |       |     4 ||     4
Invok: Ancestor Life: Kn |       |     1 |       |       |       ||     1
       Recall Ancestor   |       |       |     1 |     3 |     2 ||     6
       Idealise          |       |       |       |     1 |       ||     1
       Transference      |       |       |       |       |     1 ||     1
Evoke: Wand              |       |       |       |     4 |     1 ||     5
  Use: Scroll            |     1 |       |     4 |     8 |    10 ||    23
       Potion            |       |       |       |     8 |     6 ||    14
 Stab: Sleeping          |     2 |     2 |     2 |     2 |       ||     8
       Distracted        |       |       |     1 |     8 |     4 ||    13
  Eat: Chunk             |     9 |    11 |    15 |    38 |    45 ||   118
       Meat ration       |       |       |     1 |     4 |     3 ||     8
Armor: Robe              |    48 |    28 |    89 |    70 |       ||   235
       Troll leather arm |       |       |       |    96 |   286 ||   382
Dodge: Dodged            |    60 |    37 |   115 |   326 |   505 ||  1043
Block: Shield            |       |       |       |       |   343 ||   343
